 Dungeon Crawl Stone Soup version 0.23-a0-325-gb46b2e5 (webtiles) character file.

9457 BingusPrime the Carver (level 11, -2/104 HPs)
             Began as a Chaoskin Chaos Knight on Oct 27, 2018.
             Slain by a spiny frog (5 damage)
             ... on level 2 of the Lair of Beasts.
             The game lasted 00:26:58 (8381 turns).

BingusPrime the Carver (Chaoskin Chaos Knight)      Turns: 8381, Time: 00:26:59

Health: -2/104     AC: 12    Str: 17    XL:     11   Next: 74%
Magic:  0/20       EV: 14    Int: 16    God:    Xom [*.....]
Gold:   508        SH:  4    Dex: 19    Spells: 10/10 levels left

rFire    + . .     SeeInvis .   a - +0 falchion (chaos)
rCold    . . .     Gourm    .   (no shield)
rNeg     . . .     Faith    .   k - +0 scale mail
rPois    .         Spirit   +   (helmet restricted)
rElec    .         Reflect  .   n - scarf {Spirit}
rCorr    .         Harm     .   (no gloves)
MR       +....     Clarity  +   (no boots)
Stlth    ++........             I - amulet of rage
HPRegen  0.27/turn              d - ring of protection from fire
MPRegen  0.17/turn              C - ring of magical power

@: about to teleport
A: antennae 1, hooves 1, iridescent scales 1, large bone plates 1, slimy green
scales 1, agile 2, blink, clarity, clever 1, magic resistance 1, robust 1,
strong 1, wild magic 2, evolution 1
a: Blink, Renounce Religion, Evoke Berserk Rage


You were on level 2 of the Lair of Beasts.
You worshipped Xom.
You were a special plaything of Xom.
You were very hungry.

You visited 3 branches of the dungeon, and saw 11 of its levels.

You collected 508 gold pieces.

Inventory:

Hand Weapons
 a - a +0 falchion of chaos (weapon)
 G - the +7 hunting sling "Impslayer" {chaos, MP-9 Str+8 Dex+4}
   (Xom gifted it to you on level 7 of the Dungeon)

   Each projectile launched from it has a different, random effect.
   It affects your strength (+8).
   It affects your dexterity (+4).
   It affects your magic capacity (-9).
 K - the +8 dire flail of Jianauw {freeze, Int+4}
   (You found it on level 1 of the Lair of Beasts)

   It has been specially enchanted to freeze those struck by it, causing extra
   injury to most foes and up to half again as much damage against particularly
   susceptible opponents.
   It can also slow down cold-blooded creatures.
   It affects your intelligence (+4).
Missiles
 u - 15 tomahawks (quivered)
Armour
 b - a +2 leather armour
 h - a -1 ring mail
 k - a +0 scale mail (worn)
 n - a scarf of spirit shield (worn)
Jewellery
 d - a ring of protection from fire (left hand)
 C - a ring of magical power (right hand)
 I - an amulet of rage (around neck)
 L - an uncursed ring of protection from magic
Wands
 f - a wand of iceblast (14)
 q - a wand of flame (30)
 y - a wand of digging (34)
 B - a wand of acid (14)
 J - a wand of scattershot (3)
Scrolls
 i - 8 scrolls of remove curse
 j - a scroll of random uselessness
 l - 6 scrolls of teleportation
 r - 2 scrolls of enchant weapon
 A - 3 scrolls of amnesia
 D - a scroll of fear {unknown}
 H - a scroll of vulnerability {unknown}
Potions
 e - 4 potions of mutation
 m - 3 potions of agility
 o - a potion of flight {unknown}
 p - 3 potions of lignification
 t - 3 potions of might
 v - 4 potions of haste
 w - a potion of resistance {unknown}
 x - 2 potions of degeneration
 z - 2 potions of cancellation
 E - 2 potions of brilliance {unknown}
 F - a potion of magic {unknown}
Comestibles
 c - 16 rations


   Skills:
 + Level 8.4 Fighting
 + Level 12.0 Long Blades
 + Level 1.1 Maces & Flails
 + Level 1.7 Throwing
 + Level 8.9 Armour
 + Level 6.4 Dodging
 + Level 7.2 Stealth
 + Level 0.7 Evocations


You had 10 spell levels left.
You didn't know any spells.
Your spell library contained the following spells:

 Spells                   Type           Power        Failure   Level  Hunger
 Animate Skeleton         Necr           N/A          73%         1    ##.....
 Beastly Appendage        Tmut           #.....       73%         1    ##.....
 Confusing Touch          Hex            #.....       73%         1    ##.....
 Infusion                 Chrm           #...         73%         1    ##.....
 Magic Dart               Conj           #...         73%         1    ##.....
 Pain                     Necr           #...         73%         1    ##.....
 Summon Small Mammal      Summ           #...         73%         1    ##.....
 Blink                    Tloc           N/A          85%         2    ###....
 Call Imp                 Summ           #.......     85%         2    ###....
 Shroud of Golubria       Chrm/Tloc      #.........   85%         2    ###....
 Slow                     Hex            #.......     85%         2    ###....
 Song of Slaying          Chrm           #.......     85%         2    ###....
 Sticks to Snakes         Tmut           #.......     85%         2    ###....
 Call Canine Familiar     Summ           #.......     97%         3    ####...
 Confuse                  Hex            #.......     97%         3    ####...
 Conjure Flame            Conj/Fire      #.......     97%         3    ####...
 Gell's Gravitas          Tloc           #.........   97%         3    ####...
 Mephitic Cloud           Conj/Pois/Air  #.......     97%         3    ####...
 Regeneration             Chrm/Necr      #.........   97%         3    ####...
 Spectral Weapon          Hex/Chrm       #.......     97%         3    ####...
 Spider Form              Tmut/Pois      #.........   97%         3    ####...
 Summon Guardian Golem    Hex/Summ       #.......     97%         3    ####...
 Vampiric Draining        Necr           #.........   97%         3    ####...
 Animate Dead             Necr           N/A          100%        4    #####..
 Ice Form                 Ice/Tmut       #.......     100%        4    #####..
 Petrify                  Tmut/Erth      #.......     100%        4    #####..
 Summon Ice Beast         Ice/Summ       #.......     100%        4    #####..
 Summon Lightning Spire   Summ/Air       #.......     100%        4    #####..
 Blade Hands              Tmut           #.........   100%        5    ######.
 Irradiate                Conj/Tmut      #.........   100%        5    ######.
 Metabolic Englaciation   Hex/Ice        #.........   100%        5    ######.
 Yara's Violent Unravell  Hex/Tmut       #.........   100%        5    ######.
 Hydra Form               Tmut           #.........   100%        6    #######
 Statue Form              Tmut/Erth      #........    100%        6    #######
 Dragon Form              Tmut           #.........   100%        7    #######


Dungeon Overview and Level Annotations

Branches:
Dungeon (8/15)             Temple (1/1) D:6            Lair (2/6) D:8
 Spider (0/4) Lair:2
  Swamp: Lair:2-4    Shoals: Lair:2-4

Altars:
Fedhas
Kikubaaqudgha
Nemelex Xobeh
Sif Muna
Trog
Wu Jian
Xom
Zin

Shops:
D:5 =

Annotations:
Lair:1 1 runed door, BingusPrime's ghost, journeyman DDBK


Innate Abilities, Weirdness & Mutations

You are occasionally noticed by Xom.
You evolve.
You have a pair of small antennae on your head.
You have large cloven feet.
You are partially covered in iridescent scales. (AC +2)
You are partially covered in large bone plates. (SH +4)
You are partially covered in slimy green scales. (AC +2)
You are very agile. (Dex +4)
You can translocate small distances at will.
You possess an exceptional clarity of mind.
Your mind is acute. (Int +2)
You are resistant to hostile enchantments. (MR+)
You are robust. (+10% HP)
Your muscles are strong. (Str +2)
Your spells are harder to cast, but more powerful.


Message History

The porcupine closely misses you.
You riposte.
You slash the porcupine!
The porcupine evaporates and reforms as a killer bee!
You kick the killer bee.
The killer bee is lightly wounded.
The spiny frog misses you. Something stings you.
* * * LOW HITPOINT WARNING * * *
Okay, then.
You blink.
You feel slightly more hungry. The killer bee barely misses you.
Something stings you.
* * * LOW HITPOINT WARNING * * *
The killer bee barely misses you.
Found a sedimented dark potion and a chain mail.
Okay, then.
As you read the scroll of teleportation, it crumbles to dust.
You feel strangely unstable. The killer bee barely misses you.
You block something's attack.
The killer bee stings you but does no damage.
The spiny frog stings you.
You die...
Xom thinks this is hilarious!

##### ### ###
.#P.#####.#########...
...................>..
......................
..............§.......
...............y.##...
.##...#.....##†{@.#
##...#.#....#..F.#......
....#.#....#.P..........
.......................!
........................
....###P......t...... ..
P.....# ............. .
##.#...#....##...##..[.
###.........


You could see a spiny frog, a killer bee and a friendly crocodile (confused).

Vanquished Creatures
  2 centaur zombies
  Joseph (Lair:1)
  A black mamba (Lair:2)
  3 spiny frogs
  Psyche (D:8)
  2 blink frogs (Lair:2)
  2 hippogriffs
  3 water moccasins
  A water moccasin (shapeshifter) (D:6)
  3 porcupines (Lair:1)
  3 sky beasts
  An ice beast (D:8)
  An orc warrior (D:7)
  2 black bears (D:6)
  A hornet zombie (D:7)
  3 ogres (D:5)
  A phantom (D:4)
  3 wolves (Lair:2)
  3 centaurs
  3 crocodiles
  2 big kobolds
  8 bullfrogs
  4 scorpions
  A water moccasin skeleton (D:6)
  3 wights (D:7)
  A jelly (D:8)
  An electric eel (Lair:2)
  A howler monkey (D:6)
  4 crimson imps
  2 bullfrog zombies
  A bullfrog skeleton (D:4)
  An orc priest (D:8)
  3 hounds
  5 orc wizards
  A centaur skeleton (D:6)
  Ijyb (D:3)
  2 iguanas
  4 worker ants
  4 gnolls (D:4)
  A howler monkey skeleton (D:7)
  4 adders
  2 shadow imps
  A white imp (D:5)
  2 oozes
  2 adder skeletons
  An adder zombie (D:6)
  7 worms
  A dart slug (D:1)
  A leopard gecko (D:3)
  33 orcs
  5 giant cockroaches
  8 goblins
  9 hobgoblins
  16 jackals
  4 quokkas
  2 ball pythons
  9 bats
  7 frilled lizards
  9 kobolds
  A leopard gecko zombie (D:5)
  7 rats
221 creatures vanquished.

Vanquished Creatures (collateral kills)
  2 hydras (Lair:2)
  2 spiny frogs (Lair:1)
  2 blink frogs (Lair:2)
  A hippogriff (Lair:1)
  3 water moccasins
  A porcupine (Lair:1)
  A black bear (D:7)
  A centaur (D:5)
  2 orc wizards
  An iguana (D:4)
  2 worker ants
  2 adders
  An orc (D:5)
  2 kobolds (D:7)
  A ball python (D:5)
24 creatures vanquished.

Vanquished Creatures (others)
  A worm (D:5)
  A bat (D:1)
  A giant cockroach (D:6)
  A plant (Lair:2)
4 creatures vanquished.

Grand Total: 249 creatures vanquished

Notes
Turn   | Place    | Note
-------+----------+-------------------------------------------
     0 | D:1      | BingusPrime the Chaoskin Chaos Knight began the quest for
                  | the Orb.
     0 | D:1      | Reached XP level 1. HP: 19/19 MP: 1/1
   116 | D:1      | Reached XP level 2. HP: 5/26 MP: 2/2
   139 | D:1      | XOM: silly message
   403 | D:1      | XOM: chaos cloud
   550 | D:1      | Reached skill level 4 in Long Blades
   652 | D:1      | XOM: harmless Conj miscast
   743 | D:1      | XOM: blink monster(s)
   750 | D:1      | Gained mutation: You evolve. [Chaoskin growth]
   750 | D:1      | Reached XP level 3. HP: 25/31 MP: 3/3
   859 | D:1      | XOM: god gift: scale mail {god gift}
   929 | D:1      | XOM: summons 1 hostile demon
  1074 | D:2      | XOM: divination: magic mapping
  1116 | D:2      | Found a faded altar of an unknown god.
  1288 | D:2      | XOM: fog
  1339 | D:2      | XOM: give mutations
  1339 | D:2      | Gained mutation: You possess an exceptional clarity of
                  | mind. [Xom's grace]
  1339 | D:2      | Gained mutation: You are partially covered in slimy green
                  | scales. (AC +2) [Xom's grace]
  1339 | D:2      | Gained mutation: You are partially covered in iridescent
                  | scales. (AC +2) [Xom's grace]
  1339 | D:2      | Gained mutation: Your spells are a little harder to cast,
                  | but a little more powerful. [Xom's grace]
  1359 | D:2      | XOM: cloud trail
  1382 | D:2      | Found a blossoming altar of Fedhas.
  1395 | D:2      | XOM: scenery: create altars
  1403 | D:2      | XOM: divination: detect items
  1533 | D:2      | XOM: enchant monster (good)
  1536 | D:2      | Reached XP level 4. HP: 38/38 MP: 4/4
  1571 | D:2      | XOM: give mutations
  1571 | D:2      | Gained mutation: Your muscles are strong. (Str +2) [Xom's
                  | grace]
  1571 | D:2      | Gained mutation: You are partially covered in large bone
                  | plates. (SH +4) [Xom's grace]
  1734 | D:2      | Gained mutation: You are agile. (Dex +2) [evolution]
  1747 | D:2      | XOM: god gift: book of Callings
  1835 | D:3      | Reached skill level 1 in Stealth
  1967 | D:3      | Reached XP level 5. HP: 40/46 MP: 5/5
  1991 | D:3      | Noticed Ijyb
  2004 | D:3      | Killed Ijyb
  2004 | D:3      | Reached skill level 5 in Long Blades
  2057 | D:3      | XOM: give mutations
  2057 | D:3      | Gained mutation: You are very agile. (Dex +4) [Xom's grace]
  2057 | D:3      | Gained mutation: You can translocate small distances at
                  | will. [Xom's grace]
  2057 | D:3      | Gained mutation: You are resistant to hostile enchantments.
                  | (MR+) [Xom's grace]
  2057 | D:3      | Gained mutation: You are robust. (+10% HP) [Xom's grace]
  2062 | D:3      | XOM: 1-stop teleportation journey
  2095 | D:3      | XOM: divination: detect items
  2318 | D:3      | XOM: torment (29/50 hp)
  2434 | D:3      | XOM: harmless Tloc miscast
  2682 | D:4      | XOM: harmless Tloc miscast
  2711 | D:4      | XOM: potion effect (invisibility)
  2718 | D:4      | Reached XP level 6. HP: 57/57 MP: 6/6
  2740 | D:4      | XOM: harmless Erth miscast
  2855 | D:4      | Noticed a phantom
  2856 | D:4      | XOM: mild Tmut miscast
  2858 | D:4      | XOM: summons friendly crimson imp
  2867 | D:4      | XOM: divination: magic mapping
  2900 | D:4      | Killed a phantom
  2949 | D:4      | XOM: mild Tmut miscast
  2957 | D:4      | XOM: 4-stop teleportation journey
  2989 | D:4      | Reached XP level 7. HP: 52/64 MP: 5/7
  3135 | D:4      | XOM: medium Erth miscast
  3154 | D:4      | Reached skill level 6 in Long Blades
  3524 | D:4      | XOM: summons 3 hostile demons
  3540 | D:5      | Entered Level 5 of the Dungeon
  3542 | D:5      | XOM: cast spell 'Death Channel'
  3593 | D:5      | Found Mearoni's Jewellery Shoppe.
  3686 | D:5      | XOM: cleaving
  3705 | D:5      | Found a bloodstained altar of Trog.
  3705 | D:5      | XOM: 5-stop teleportation journey
  3758 | D:5      | XOM: god gift: gnarled glowing staff {god gift}
  3762 | D:5      | Reached XP level 8. HP: 59/73 MP: 8/8
  3867 | D:5      | XOM: divination: magic mapping
  3867 | D:5      | XOM: smoke on damage
  3869 | D:5      | XOM: polymorph crimson imp -> white imp
  3881 | D:5      | XOM: give mutation
  3881 | D:5      | Gained mutation: You have large cloven feet. [Xom's grace]
  3901 | D:5      | Reached skill level 7 in Long Blades
  3973 | D:5      | XOM: noise
  4055 | D:5      | Noticed a moth of wrath
  4163 | D:6      | Reached skill level 5 in Fighting
  4263 | D:6      | XOM: summons 4 hostile shadow creatures
  4281 | D:6      | Reached skill level 5 in Armour
  4295 | D:6      | Reached skill level 8 in Long Blades
  4354 | D:6      | XOM: mild Summ miscast
  4366 | D:6      | Reached XP level 9. HP: 67/82 MP: 9/9
  4432 | D:6      | Found a staircase to the Ecumenical Temple.
  4461 | D:6      | XOM: cloud trail
  4514 | D:6      | Reached skill level 9 in Long Blades
  4574 | D:6      | XOM: cleaving
  4624 | Temple   | Entered the Ecumenical Temple
  4901 | D:6      | Gained mutation: You have a pair of small antennae on your
                  | head. [evolution]
  4937 | D:7      | XOM: summons 3 friendly demons
  5002 | D:7      | XOM: potion effect (haste)
  5018 | D:7      | Reached skill level 5 in Dodging
  5068 | D:7      | XOM: summons friendly shadow imp
  5069 | D:7      | XOM: summons friendly crimson imp
  5091 | D:7      | XOM: polymorph shadow imp -> iron imp
  5321 | D:7      | XOM: enchant monster (good)
  5328 | D:7      | XOM: confuse monster(s)
  5331 | D:7      | Reached skill level 1 in Throwing
  5331 | D:7      | XOM: cleaving
  5368 | D:7      | Reached XP level 10. HP: 81/92 MP: 10/10
  5472 | D:7      | Found a sparkling altar of Nemelex Xobeh.
  5486 | D:7      | XOM: enchant monster (good)
  5665 | D:7      | XOM: god gift: faintly glowing hunting sling {god gift}
  5666 | D:7      | Got a faintly glowing hunting sling {god gift}
  5722 | D:7      | Identified the +7 hunting sling "Impslayer" {chaos, MP-9
                  | Str+8 Dex+4} (Xom gifted it to you on level 7 of the
                  | Dungeon)
  5984 | D:8      | XOM: noise
  6002 | D:8      | XOM: summons friendly crimson imp
  6124 | D:8      | Reached skill level 10 in Long Blades
  6136 | D:8      | Reached skill level 5 in Stealth
  6140 | D:8      | XOM: enchant monster (good)
  6154 | D:8      | XOM: scenery: 1 doors close
  6232 | D:8      | Found a staircase to the Lair.
  6293 | D:8      | Gained mutation: Your spells are harder to cast, but more
                  | powerful. [evolution]
  6345 | D:8      | Noticed Psyche
  6348 | D:8      | XOM: scenery: 1 doors open, 1 doors close
  6355 | D:8      | XOM: enchant monster (good)
  6359 | D:8      | Killed Psyche
  6373 | D:8      | XOM: mild Air miscast
  6379 | D:8      | XOM: noise
  6484 | Lair:1   | Entered Level 1 of the Lair of Beasts
  6488 | Lair:1   | XOM: divination: detect items
  6492 | Lair:1   | XOM: divination: magic mapping
  6554 | Lair:1   | XOM: divination: detect creatures
  6585 | Lair:1   | Found a runed door.
  6585 | Lair:1   | Noticed BingusPrime's ghost (journeyman DDBK)
  6702 | Lair:1   | Noticed a spiny frog
  6702 | Lair:1   | XOM: summons friendly sun demon
  6708 | Lair:1   | XOM: cloud trail
  6709 | Lair:1   | Killed a spiny frog
  6715 | Lair:1   | Noticed a spiny frog
  6719 | Lair:1   | Killed a spiny frog
  6764 | Lair:1   | Noticed Joseph
  6773 | Lair:1   | Killed Joseph
  6805 | Lair:1   | Noticed a spiny frog
  6813 | Lair:1   | Killed a spiny frog
  6813 | Lair:1   | Reached skill level 11 in Long Blades
  6813 | Lair:1   | Reached XP level 11. HP: 59/101 MP: 11/11
  7078 | Lair:1   | Got a transparent dire flail
  7079 | Lair:1   | Identified the +8 dire flail of Jianauw {freeze, Int+4}
                  | (You found it on level 1 of the Lair of Beasts)
  7218 | Lair:1   | XOM: cloud trail
  7403 | Lair:2   | Found a hole to the Spider Nest.
  7557 | Lair:2   | XOM: 8-stop teleportation journey
  7564 | Lair:2   | Noticed a seven-headed hydra
  7694 | Lair:2   | XOM: cast spell 'Monstrous Menagerie'
  7695 | Lair:2   | Killed a seven-headed hydra
  7761 | Lair:2   | XOM: god gift: 33 gold pieces
  7768 | Lair:2   | XOM: confuse monster(s)
  7781 | Lair:2   | Gained mutation: Your mind is acute. (Int +2) [evolution]
  7785 | Lair:2   | XOM: potion effect (heal wounds)
  7887 | Lair:2   | XOM: potion effect (berserk rage)
  7892 | Lair:2   | XOM: enchant monster (good)
  7958 | Lair:2   | XOM: scenery: 1 doors open, 1 doors close
  7959 | Lair:2   | Noticed a four-headed hydra
  7962 | Lair:2   | XOM: destruction
  7973 | Lair:2   | XOM: summons friendly white imp
  7982 | Lair:2   | XOM: confuse monster(s)
  7985 | Lair:2   | Killed a four-headed hydra
  7985 | Lair:2   | Reached skill level 12 in Long Blades
  7986 | Lair:2   | Reached skill level 1 in Maces & Flails
  8361 | Lair:2   | XOM: polymorph something unseen -> iguana
  8372 | Lair:2   | XOM: enchant monster (bad)
  8374 | Lair:2   | XOM: enchant monster (good)
  8375 | Lair:2   | XOM: swap monsters
  8380 | Lair:2   | HP: 3/104 [something (4)]
  8381 | Lair:2   | Slain by a spiny frog

Vault maps used:
D:1:      wheals_arrival_linesprint
D:2:      fedhas_altar_3, chequers_ecumenical_altar_simple_redux, first_ration,
          chequers_big_river
D:3:      grunt_decor_resistance, dk_noncrumbling_4, uniq_ijyb
D:5:      tgw_trog, serial_shops, nicolae_shop_waterfront
D:6:      temple_fountains
D:7:      nicolae_overflow_hidden_temple
D:8:      dpeg_oklobed_lair, david_nohive_1, uniq_psyche
Temple:   minmay_crystal_spiral_temple
Lair:1:   ebering_ghost_inner_flame, uniq_joseph
Lair:2:   cheibrodos_lair_river_kwai, nicolae_spider_entry_non_spiders,
          nicolae_quartered_pool_little, lemuel_fruit_tree

Skill      XL: |  1  2  3  4  5  6  7  8  9 10 11 |
---------------+----------------------------------+-----
Long Blades    | 4 5 6 8 9 11 12 | 12.0
Armour         | 3 4 5 6 8 |  8.9
Stealth        | 1 2 3 4 5 7 |  7.2
Fighting       | 4 5 6 7 8 |  8.4
Dodging        | 2 3 4 5 6 |  6.4
Throwing       | 1 |  1.7
Maces & Flails | 1 |  1.1
Evocations     | |  0.7

Action                   |  1- 3 |  4- 6 |  7- 9 | 10-12 || total
-------------------------+-------+-------+-------+-------++-------
Melee: Falchion          |   119 |   174 |   351 |   359 ||  1003
       Kick              |       |       |   114 |   186 ||   300
       Dire flail        |       |       |       |     6 ||     6
Throw: Tomahawk          |       |       |    14 |     3 ||    17
 Abil: Blink             |       |       |       |     1 ||     1
Evoke: Wand              |       |       |       |     4 ||     4
  Use: Scroll            |     1 |       |     7 |     8 ||    16
       Potion            |       |       |       |     4 ||     4
 Stab: Sleeping          |     2 |       |     2 |     3 ||     7
       Paralysed         |       |     1 |     2 |     6 ||     9
       Invisible         |       |     6 |       |       ||     6
       Confused          |       |     1 |     3 |     5 ||     9
       Petrifying        |       |       |     3 |     3 ||     6
       Petrified         |       |       |     6 |     4 ||    10
       Distracted        |       |       |       |     1 ||     1
  Eat: Chunk             |     1 |     6 |     8 |     9 ||    24
Armor: Leather armour    |    20 |       |       |       ||    20
       Ring mail         |     5 |       |       |       ||     5
       Scale mail        |    35 |    88 |   190 |   121 ||   434
Dodge: Dodged            |    61 |    92 |   193 |   202 ||   548
Block: Other             |       |    30 |    80 |    48 ||   158
       Rpst.: Falchion   |    15 |    28 |    50 |    52 ||   145

Table legend:
 A = Non-vault XP
 B = Vault XP
 C = Vault XP percentage of total XP
 D = Non-vault monster count
 E = Vault monster count
 F = Vault count percentage of total count
                 A         B        C        D         E       F
            +---------+---------+-------+---------+---------+-------
      Total |   10719 |    2792 |  20.7 |     226 |      21 |   8.5
            +---------+---------+-------+---------+---------+-------
        D:1 |      45 |       0 |   0.0 |      22 |       0 |   0.0
        D:2 |      25 |       0 |   0.0 |      15 |       0 |   0.0
        D:3 |     116 |      36 |  23.7 |      26 |       1 |   3.7
        D:4 |     351 |       0 |   0.0 |      15 |       0 |   0.0
        D:5 |     928 |      12 |   1.3 |      27 |       5 |  15.6
        D:6 |    1643 |       0 |   0.0 |      31 |       0 |   0.0
        D:7 |    1171 |       0 |   0.0 |      32 |       0 |   0.0
        D:8 |    1040 |     410 |  28.3 |      28 |       1 |   3.4
     Lair:1 |    2583 |     334 |  11.5 |      17 |       1 |   5.6
     Lair:2 |    2817 |    2000 |  41.5 |      13 |      13 |  50.0
            +---------+---------+-------+---------+---------+-------
